 Dungeon Crawl Stone Soup version 0.31.0-32-g396128a36d (webtiles) character file.

Game seed: 12734066294990331139

294 TacoSundae the Changeling (level 6, -2/29 (30) HPs)
             Began as a Vine Stalker Shapeshifter on Apr 5, 2024.
             Slain by Crazy Yiuf
             ... wielding a +4 quarterstaff of chaos
              (11 damage)
             ... on level 2 of the Dungeon.
             The game lasted 00:03:59 (1587 turns).

TacoSundae the Changeling (VSSh)                    Turns: 1587, Time: 00:04:00

HP:   -2/29 (30)    AC:  3    Str: 17    XL:     6   Next: 33%
MP:   0/7           EV: 11    Int: 10    God:
Gold: 58            SH:  0    Dex: 15    Spells: 5/5 levels left

rFire   . .          .
                       - Unarmed
rCold   . . .        (no shield)
rNeg    . . .        e - +0 leather armour
rPois   .            (helmet currently unavailable)
rElec   .            (cloak currently unavailable)
rCorr   .            (gloves currently unavailable)
SInv    .            (boots currently unavailable)
Will    .....        (no amulet)
Stlth   +            (no ring)
HPRegen 1.04/turn    (no ring)
MPRegen 0.10/turn

%: guardian spirit
@: beast-form, lightly drained
A: beast (slay +3), fangs 2, regeneration 1, magic shield, antimagic bite, no
potion heal 2
a: Begin Untransformation


You were on level 2 of the Dungeon.
You were a hulking beast.
You visited 1 branch of the dungeon, and saw 2 of its levels.

You collected 58 gold pieces.

Inventory:

Missiles
 m - 3 silver javelins (quivered)
Armour
 e - a +0 leather armour (worn)
Talismans
 c - a beast talisman
 d - a flux talisman
Scrolls
 a - a scroll of enchant weapon {unknown}
 f - 2 scrolls of noise {unknown}
 h - a scroll of summoning {unknown}
 k - 3 scrolls of identify {unknown}
 l - a scroll of immolation {unknown}
 n - a scroll of revelation {unknown}


   Skills:
 + Level 1.1 Fighting
 + Level 1.6 Dodging
 + Level 3.1 Unarmed Combat
 + Level 6.3 Shapeshifting


You had 5 spell levels left.
You didn't know any spells.
Your spell library was empty.

Dungeon Overview and Level Annotations

Branches:
Dungeon (2/15)

Altars:

Annotations:
D:2 Crazy Yiuf


Innate Abilities, Weirdness & Mutations

You are a hulking beast.
Your limbs bulge with bestial killing power. (Slay +3)
You have extremely sharp teeth.
Your natural rate of healing is unusually fast.
When hurt, damage is shared between your health and your magic reserves.
Your bite disrupts and absorbs the magic of your enemies.
Potions cannot restore your health.


Message History

The ball python bites you. The ball python misses you.
You hit the ball python.
You kill the ball python!
No target in view!
Found a stone staircase leading up.
No target in view!
A hobgoblin comes into view.
The hobgoblin shouts!
There is a stone staircase leading up here.
The hobgoblin hits you but does no damage.
You punch the hobgoblin!
You kill the hobgoblin!
No target in view!
No target in view!
There is a stone staircase leading up here.
You see here a ball python corpse.
Found 4 stones.
Found a hammer.
Found a hammer.
Found a runed translucent door.
Crazy Yiuf shouts!
You aren't carrying any potions.
Okay, then.
You open the door. You hit Crazy Yiuf. You bite Crazy Yiuf.
You drain his power.
Crazy Yiuf is moderately wounded.
Crazy Yiuf hits you with a +4 quarterstaff of chaos!
Crazy Yiuf burns you!
You closely miss Crazy Yiuf.
Crazy Yiuf is moderately wounded.
Crazy Yiuf closely misses you.
You hit Crazy Yiuf but do no damage. Your bite misses Crazy Yiuf.
Crazy Yiuf is moderately wounded.
Crazy Yiuf hits you with a +4 quarterstaff of chaos.
* * * LOW HITPOINT WARNING * * *
You feel drained.
* * * LOW HITPOINT WARNING * * *
You hit Crazy Yiuf.
Crazy Yiuf is moderately wounded.
Crazy Yiuf hits you with a +4 quarterstaff of chaos!
You die...

...÷......÷...........÷..........
...####################.######.##
...# #.######.## ...# #####
#........## ...######### #..)#
############ ...........# #...#
#.^......... ......###### ...
############ #####.### #g#
#[....... #...# ♣♣h♣ #.######.
###.# ♣.♣♣ #........ #.# ♣♣.♣
########. #.### ♣.♣♣ #. #...##
♣♣.♣♣ ###. ###..# ♣...♣♣ #..)
##.# ♣....♣ #####)#. ### #.)..#
#####.## ##....### #####.##


You could see Crazy Yiuf.

Vanquished Creatures
  Sigmund (D:2)
  Natasha (twice) (D:2)
  4 adders (D:2)
  A dart slug (D:2)
  4 endoplasms
  3 giant cockroaches (D:1)
  6 hobgoblins
  7 jackals
  2 kobolds
  2 quokkas
  8 ball pythons
  3 bats (D:2)
  A frilled lizard (D:1)
  2 rats (D:2)
46 creatures vanquished.

Notes
Turn   | Place    | Note
-------+----------+-------------------------------------------
     0 | D:1      | TacoSundae the Vine Stalker Shapeshifter began the quest
                  | for the Orb.
     0 | D:1      | Reached XP level 1. HP: 9/9 MP: 2/2
     8 | D:1      | Found a faded altar of an unknown god.
   273 | D:1      | Reached XP level 2. HP: 14/14 MP: 3/3
   881 | D:2      | Reached skill level 4 in Shapeshifting
   881 | D:2      | Reached XP level 3. HP: 17/17 MP: 4/4
  1074 | D:2      | Reached XP level 4. HP: 21/21 MP: 5/5
  1171 | D:2      | Noticed Sigmund
  1172 | D:2      | Noticed Natasha
  1181 | D:2      | Killed Natasha
  1184 | D:2      | Reached skill level 5 in Shapeshifting
  1225 | D:2      | Killed Sigmund
  1226 | D:2      | Reached skill level 6 in Shapeshifting
  1226 | D:2      | Reached XP level 5. HP: 25/25 MP: 6/6
  1226 | D:2      | Reached XP level 6. HP: 29/29 MP: 7/7
  1407 | D:2      | Noticed Natasha
  1414 | D:2      | Killed Natasha
  1415 | D:2      | Reached skill level 1 in Fighting
  1579 | D:2      | Found a runed translucent door.
  1580 | D:2      | Noticed Crazy Yiuf
  1587 | D:2      | Slain by Crazy Yiuf

Illustrated notes

Levels and vault maps discovered:
D:1:      amcnicky_arrival_double_pillar, layout_basic,
          hellmonk_ecumenical_altar_slurped_away
D:2:      layout_basic, reono_crystal_passage, uniq_sigmund, uniq_natasha,
          uniq_crazy_yiuf_cottage

Skill      XL: |  1  2  3  4  5  6 |
---------------+-------------------+-----
Shapeshifting  | 4 6 |  6.3
Fighting       | 1 |  1.1
Dodging        | |  1.6
Unarmed Combat | |  3.1

Action                     |  1- 3 |  4- 6 || total
---------------------------+-------+-------++-------
  Melee: Unarmed           |    82 |    35 ||   117
         Bite              |    22 |     7 ||    29
         Punch             |     3 |     1 ||     4
  Throw: Javelin           |       |     3 ||     3
    Use: Potion            |       |     5 ||     5
   Stab: Sleeping          |       |     1 ||     1
 Armour: Leather armour    |    53 |    19 ||    72
         Skin              |       |    27 ||    27
  Dodge: Dodged            |    57 |    16 ||    73
